 Dungeon Crawl Stone Soup version 0.29-a0-375-g5102b3be25 (webtiles) character file.

Game seed: 15422070066846374460

21 zeratav the Shooter (level 2, -2/17 HPs)
             Began as a Tengu Hunter on May 3, 2022.
             Slain by a jackal (3 damage)
             ... on level 1 of the Dungeon.
             The game lasted 00:00:40 (593 turns).

zeratav the Shooter (Tengu Hunter)                   Turns: 593, Time: 00:00:40

Health: -2/17      AC:  4    Str: 11    XL:     2   Next: 87%
Magic:  3/3        EV: 12    Int:  9    God:
Gold:   46         SH:  0    Dex: 17    Spells: 1/1 levels left

rFire   . . .      SeeInvis .   a - +1 shortbow {bow}
rCold   . . .      Faith    .   (shield currently unavailable)
rNeg    . . .      Spirit   .   b - +0 leather armour
rPois   .          Reflect  .   (helmet restricted)
rElec   .          Harm     .   m - +0 cloak
rCorr   .          Rampage  .   (no gloves)
Will    .....                   (boots unavailable)
Stlth   ++........              (no amulet)
HPRegen 0.05/turn               (no ring)
MPRegen 0.08/turn               (no ring)

@: no status effects
A: beak, talons 3
a: no special abilities


You were on level 1 of the Dungeon.
You visited 1 branch of the dungeon, and saw 1 of its levels.

You collected 46 gold pieces.


Innate Abilities, Weirdness & Mutations

You have a beak for a mouth.
You have claws for feet.


   Skills:
 - Level 2.0 Fighting
 + Level 5.3 Bows
 - Level 2.1 Dodging
 - Level 1.0 Stealth


You had one spell level left.
You didn't know any spells.
Your spell library was empty.

Inventory:

Hand Weapons
 a - a +1 shortbow (weapon) {bow}
Armour
 b - a +0 leather armour (worn)
 m - a +0 cloak (worn)
   (You found it on level 1 of the Dungeon)
Scrolls
 c - a scroll of immolation {!r!r}
 d - a scroll of magic mapping {unknown}
 e - a scroll of teleportation {unknown}
 f - 2 scrolls of identify {unknown}
 i - a scroll of summoning {unknown}
 k - a scroll of amnesia {unknown}
 l - a scroll of noise {unknown}
Potions
 g - a potion of magic {unknown}
 h - a potion of heal wounds {unknown}
 j - a potion of curing {unknown}
 n - a potion of attraction {unknown}

Dungeon Overview and Level Annotations

Branches:
Dungeon (1/15)

Altars:

#.####### #.#P....# ##
#.#.###'# .. ..#.#P.P#
.# #.#.#.#### .#
#.'.8...P## .#
#.#####._.#######†#
......##.P.P8.'.#†#.#
#.#.##.####.#.#.@h..#
......###..P#.#.....#
#.....# #'###.#......#
###.#.###P....#....(##
##.##..########....#
##...####..# ##.#.#
#....# #..# ##.#
#....# #..# .# #.####
#..##


You could see a jackal.


Message History

The jackal completely misses you. The jackal bites you.
The jackal bites you but does no damage. x2
HP[-1]
You take 1 damage, and now have 16/17 hp.
You shoot an arrow.
The arrow hits the jackal but does no damage.
The jackal bites you. The jackal closely misses you.
The jackal bites you but does no damage.
The jackal bites you.
HP[-2]
You take 2 damage, and now have 14/17 hp.
You shoot an arrow. The arrow closely misses the jackal.
The jackal misses you.
The jackal bites you but does no damage. x2
You shoot an arrow. The arrow hits the jackal.
The jackal bites you but does no damage. x2
The jackal closely misses you. The jackal completely misses you.
You shoot an arrow. The arrow closely misses the jackal.
The jackal barely misses you.
The jackal bites you but does no damage.
The jackal barely misses you.
You shoot an arrow.
The arrow hits the jackal but does no damage.
The jackal bites you but does no damage.
The jackal misses you. The jackal bites you. The jackal closely misses you.
HP[-1]
You take 1 damage, and now have 13/17 hp.
You shoot an arrow. The arrow closely misses the jackal.
The jackal closely misses you. The jackal misses you. The jackal bites you.
HP[-3]
You take 3 damage, and now have 10/17 hp.
You are too injured to fight recklessly!
You are too injured to fight recklessly!
Shoot: a) +1 shortbow {bow}
Press: ? - help, Q - select action Shift-Dir - straight line, f/p - jackal
Aim: a jackal (heavily wounded, 58% to hit)
You shoot an arrow. The arrow barely misses the jackal.
The jackal bites you but does no damage.
The jackal bites you.
* * * LOW HITPOINT WARNING * * *
The jackal bites you but does no damage. x2
HP[-3]
You take 3 damage, and now have 7/17 hp.
Shoot: a) +1 shortbow {bow}
Press: ? - help, Q - select action Shift-Dir - straight line, f/p - jackal
Aim: a jackal (heavily wounded, 58% to hit)
You shoot an arrow. The arrow barely misses the jackal.
The jackal closely misses you. x3
Shoot: a) +1 shortbow {bow}
Press: ? - help, Q - select action Shift-Dir - straight line, f/p - jackal
Aim: a jackal (heavily wounded, 58% to hit)
You shoot an arrow. The arrow hits the jackal.
You kill the jackal!
The jackal closely misses you. The jackal barely misses you.
Shoot: a) +1 shortbow {bow}
Press: ? - help, Q - select action Shift-Dir - straight line, f - rat
Aim: a rat (64% to hit)
You shoot an arrow. The arrow hits the rat.
The jackal bites you.
* * * LOW HITPOINT WARNING * * *
The rat closely misses you. The jackal barely misses you. The rat bites you.
* * * LOW HITPOINT WARNING * * *
Shoot: a) +1 shortbow {bow}
Press: ? - help, Q - select action Shift-Dir - straight line, f/p - rat
Aim: a rat (severely wounded, 64% to hit)
You shoot an arrow. The arrow hits the rat.
You kill the rat!
The jackal misses you. The jackal barely misses you.
Shoot: a) +1 shortbow {bow}
Press: ? - help, Q - select action Shift-Dir - straight line, f - jackal
Aim: a jackal (58% to hit)
You shoot an arrow. The arrow closely misses the jackal.
The jackal bites you but does no damage.
Shoot: a) +1 shortbow {bow}
Press: ? - help, Q - select action Shift-Dir - straight line, f/p - jackal
Aim: a jackal (58% to hit)
You shoot an arrow. The arrow hits the jackal.
The jackal misses you. The jackal closely misses you.
HP[-4]
You take 4 damage, and now have 3/17 hp.
MASSIVE DAMAGE!! (PAUSE) Shoot: a) +1 shortbow {bow}
Press: ? - help, Q - select action Shift-Dir - straight line, f/p - jackal
Aim: a jackal (heavily wounded, 58% to hit)
You shoot an arrow. The arrow barely misses the jackal.
The jackal bites you but does no damage.
The jackal barely misses you.
Shoot: a) +1 shortbow {bow}
Press: ? - help, Q - select action Shift-Dir - straight line, f/p - jackal
Aim: a jackal (heavily wounded, 58% to hit)
You shoot an arrow. The arrow closely misses the jackal.
The jackal closely misses you. The jackal bites you.
* * * LOW HITPOINT WARNING * * *
HP[-2]
You take 2 damage, and now have 1/17 hp.
Shoot: a) +1 shortbow {bow}
Press: ? - help, Q - select action Shift-Dir - straight line, f/p - jackal
Aim: a jackal (heavily wounded, 58% to hit)
You shoot an arrow. The arrow closely misses the jackal.
The jackal bites you.
You die...

Skill      XL: |  1  2 |
---------------+-------+-----
Bows           | 5 |  5.3
Fighting       | |  2.0
Dodging        | |  2.1
Stealth        | |  1.0

Action                   || total
-------------------------++-------
 Fire: Shortbow          ||    55
Armor: Leather armour    ||    18
Dodge: Dodged            ||    37

Levels and vault maps discovered:
D:1:      wander_arrival_chamber, layout_loops_ring,
          shapermc_ecumenical_altar_ellora, minmay_pentomino_q4

Notes
Turn   | Place    | Note
-------+----------+-------------------------------------------
     0 | D:1      | zeratav the Tengu Hunter began the quest for the Orb.
     0 | D:1      | Reached XP level 1. HP: 12/12 MP: 2/2
     0 | D:1      | magus.rc [v1.9.6]
   137 | D:1      | Reached XP level 2. HP: 17/17 MP: 3/3
   153 | D:1      | Reached skill level 5 in Bows
   539 | D:1      | Found a faded altar of an unknown god.
   587 | D:1      | HP: 4/17 [jackal (3)]
   592 | D:1      | HP: 1/17 [jackal (2)]
   593 | D:1      | Slain by a jackal

Vanquished Creatures
  A dart slug (D:1)
  2 endoplasms (D:1)
  A giant cockroach (D:1)
  2 hobgoblins (D:1)
  3 jackals (D:1)
  2 quokkas (D:1)
  A ball python (D:1)
  A bat (D:1)
  A frilled lizard (D:1)
  2 kobolds (D:1)
  2 rats (D:1)
18 creatures vanquished.

Table legend:
 A = Non-vault XP
 B = Vault XP
 C = Vault XP percentage of total XP
 D = Non-vault monster count
 E = Vault monster count
 F = Vault count percentage of total count
                 A         B        C        D         E       F
            +---------+---------+-------+---------+---------+-------
      Total |      27 |       4 |  12.9 |      15 |       3 |  16.7
            +---------+---------+-------+---------+---------+-------
        D:1 |      27 |       4 |  12.9 |      15 |       3 |  16.7
            +---------+---------+-------+---------+---------+-------

Illustrated notes

Table legend:
 A = Kills in this place as a percentage of kills in entire the game.
 B = Kills by you in this place as a percentage of kills by you in the entire game.
 C = Kills by friends in this place as a percentage of kills by friends in the entire game.
 D = Other kills in this place as a percentage of other kills in the entire game.
 E = Experience gained in this place as a percentage of experience gained in the entire game.
 F = Experience gained in this place divided by the number of levels of this place that you have seen.
                   A       B       C       D       E      F
               +-------+-------+-------+-------+-------+----------------------
         Total | 100.0 | 100.0 |   N/A |   N/A | 100.0 |  31.0
       Dungeon | 100.0 | 100.0 |   N/A |   N/A | 100.0 |  31.0
               +-------+-------+-------+-------+-------+----------------------

Table legend: (Time is in decaauts)
 A = Elapsed time spent in this place.
 B = Non-inter-level travel time spent in this place.
 C = Inter-level travel time spent in this place.
 D = Time resting spent in this place.
 E = Time spent auto-exploring this place.
 F = Levels seen in this place.
 G = Mean time per level.
                   A        B        C        D        E       F      G
               +--------+--------+--------+--------+--------+-----+--------+
         Total |    608 |    608 |      0 |      0 |    502 |   1 |  608.0 |
       Dungeon |    608 |    608 |      0 |      0 |    502 |   1 |  608.0 |
               +--------+--------+--------+--------+--------+-----+--------+

Top non-repeatable levels by time:
     D:1: 608 daAuts
